 Dungeon Crawl Stone Soup version 0.20.0-15-g7f486f2 (webtiles) character file.

505 Jannitor the Sneak (level 6, 48/48 HPs)
             Began as a Vampire Warper on June 22, 2017.
             Was an Initiate of Makhleb.
             Quit the game on level 4 of the Dungeon on June 23, 2017.
             The game lasted 00:12:25 (7922 turns).

Jannitor the Sneak (Vampire Warper)                 Turns: 7922, Time: 00:12:26

Health: 48/48      AC:  0    Str: 11    XL:     6   Next: 96%
Magic:  9/9        EV: 23    Int: 15    God:    Makhleb [......]
Gold:   187        SH:  0    Dex: 20    Spells: 9/9 levels left

rFire    . . .     SeeInvis +     - Unarmed
rCold    + . .     Gourm    .   (shield currently unavailable)
rNeg     + + .     Faith    .   (armour currently unavailable)
rPois    +         Spirit   .   (helmet currently unavailable)
rElec    .         Reflect  .   (cloak currently unavailable)
rCorr    .         Harm     .   (gloves currently unavailable)
MR       .....                  (boots currently unavailable)
Stlth    +++++.....             (no amulet)
Regen    0.1/turn               (ring currently unavailable)
MPRegen  0.2/turn               (ring currently unavailable)

@: bat-form, flying, regenerating slowly, very quick
A: fangs 3, see invisible
a: End Transformation, Renounce Religion


You were on level 4 of the Dungeon.
You worshipped Makhleb.
Makhleb was noncommittal.
You were near bloodless.
You were in vampire-bat-form.
You visited 2 branches of the dungeon, and saw 7 of its levels.

You collected 187 gold pieces.

Inventory:

Missiles
 d - 5 tomahawks of dispersal (quivered)
Armour
 a - a +0 leather armour (melded)
Jewellery
 q - an uncursed amulet of the gourmand {unknown}
Scrolls
 c - a scroll of blinking
 f - 2 scrolls of remove curse
 g - 4 scrolls of identify {unknown}
 h - a scroll of fog {unknown}
 i - a scroll of immolation {unknown}
 j - 3 scrolls of enchant armour {unknown}
 o - a scroll of magic mapping {unknown}
 p - a scroll of fear {unknown}
 r - a scroll of recharging {unknown}
Potions
 e - 3 potions of blood
 l - a potion of brilliance {unknown}
 m - a potion of mutation {unknown}
 n - 2 potions of might {unknown}
Books
 b - a book of Spatial Translocations

   Spells                             Type                      Level
   a - Blink                          Translocation                2
   b - Shroud of Golubria             Charms/Translocation         2
   c - Lesser Beckoning               Translocation                3
   d - Gell's Gravitas                Translocation                3
   e - Teleport Other                 Translocation                3
   f - Passage of Golubria            Translocation                4


   Skills:
 + Level 3.8 Fighting
 - Level 0.7 Throwing
 - Level 0.7 Armour
 + Level 4.4 Dodging
 + Level 4.8 Stealth
 + Level 4.4 Unarmed Combat
 - Level 2.0 Spellcasting
   Level 2.4 Translocations
 * Level 1.0 Invocations


You had 9 spell levels left.
You didn't know any spells.

Dungeon Overview and Level Annotations

Branches:
Dungeon (6/15)             Temple (1/1) D:5

Altars:
Ashenzari
Cheibriados
Dithmenos
Elyvilon
Gozag
Hepliaklqana
Kikubaaqudgha
Makhleb
Nemelex Xobeh
Okawaru
Qazlal
Sif Muna
Uskayaw
Vehumet
Xom
Yredelemnul
Zin
The Shining One

Annotations:
D:2 1 runed door
D:5 Blork the orc, Dowan, Duvessa


Innate Abilities, Weirdness & Mutations

You heal slowly.
You have razor-sharp teeth.
You have supernaturally acute eyesight. (SInv)
((You can survive without breathing.))


Message History

The gnoll is moderately wounded.
The gnoll closely misses you.
You feel almost devoid of blood!
You hit the gnoll.
The gnoll is heavily wounded.
You barely miss the gnoll. Your bite misses the gnoll.
The gnoll is heavily wounded.
The gnoll misses you.
You hit the gnoll. Your bite misses the gnoll.
The gnoll is severely wounded.
The gnoll barely misses you.
You hit the gnoll.
You kill the gnoll!
Makhleb accepts your kill.
No target in view!
Things that are here:
a flail; a whip You start resting.
HP restored.
Are you sure you want to abandon this character and quit the game? (Confirm with "yes".)

...# #..........#
.#.## #.##.#.....#
....#####.#.#......#
.............#<....##
....#####)###.......#
....# #.###....<..#
....#####.)......##.#
.##.##........##.##.#
.##.##........##b##.#
.##.##..............#
....##..............#
....##......[.##.##.#
##.###.....[..##.##.#
#.# #.......)##.##.#
#.# ####.###.......#
##.######.######.####
......#......# #.#


There were no monsters in sight!

Vanquished Creatures
  An ogre (D:4)
  2 crimson imps (D:4)
  A hound (D:4)
  2 orc wizards
  An iguana (D:5)
  A worker ant (D:4)
  5 gnolls
  3 adders
  2 worms
  2 dart slugs
  11 leopard geckos
  9 orcs
  3 ball pythons
  6 bats
  8 giant cockroaches
  13 goblins
  8 hobgoblins
  10 jackals
  A quokka (D:4)
  6 frilled lizards
  13 kobolds
  A quokka skeleton (D:4)
  6 rats
115 creatures vanquished.

Notes
Turn   | Place    | Note
-------+----------+-------------------------------------------
     0 | D:1      | Jannitor the Vampire Warper began the quest for the Orb.
     0 | D:1      | Reached XP level 1. HP: 16/16 MP: 3/3
   138 | D:1      | Reached XP level 2. HP: 12/22 MP: 5/5
   971 | D:1      | Reached XP level 3. HP: 24/27 MP: 6/6
  2088 | D:2      | Found a runed door.
  2522 | D:3      | Reached skill level 1 in Stealth
  2556 | D:3      | Reached XP level 4. HP: 33/34 MP: 7/7
  3817 | D:3      | Reached XP level 5. HP: 40/40 MP: 8/8
  5430 | D:4      | Found a shimmering altar of Xom.
  5469 | D:4      | Noticed an ogre
  5520 | D:4      | Killed an ogre
  5520 | D:4      | Reached XP level 6. HP: 36/47 MP: 9/9
  5823 | D:5      | Entered Level 5 of the Dungeon
  5841 | D:5      | Noticed Dowan
  5846 | D:5      | Noticed Duvessa
  5863 | D:5      | Noticed an ice beast
  5873 | D:5      | Found a burning altar of Makhleb.
  5890 | D:5      | Became a worshipper of Makhleb the Destroyer
  5947 | D:5      | Found a staircase to the Ecumenical Temple.
  5957 | Temple   | Entered the Ecumenical Temple
  6162 | D:5      | Found a glowing drain.
  6537 | D:5      | Noticed Blork the orc
  7794 | D:4      | Reached skill level 1 in Invocations
  7922 | D:4      | Quit the game

Skill      XL: |  1  2  3  4  5  6 |
---------------+-------------------+-----
Fighting       | 2 3 |  3.8
Unarmed Combat | 3 4 |  4.4
Dodging        | 3 4 |  4.4
Stealth        | 1 2 4 |  4.8
Invocations    | 1 |  1.0
Throwing       | |  0.7
Armour         | |  0.7
Spellcasting   | |  2.0
Translocations | |  2.4

Action                   |  1- 3 |  4- 6 || total
-------------------------+-------+-------++-------
Melee: Unarmed           |   202 |   446 ||   648
       Bite              |    31 |    59 ||    90
       Punch             |     2 |       ||     2
 Abil: Bat Form          |     1 |     1 ||     2
  Use: Potion            |     4 |    14 ||    18
       Scroll            |       |     1 ||     1
 Stab: Sleeping          |    10 |    21 ||    31
       Distracted        |       |     1 ||     1
Armor: Leather armour    |    23 |     8 ||    31
Dodge: Dodged            |   138 |   376 ||   514
